 Dungeon Crawl Stone Soup version 0.17-a0-1464-g59a308b (webtiles) character file.

50 Lick the Poker (level 3, -1/26 HPs)
             Began as an Octopode Berserker on July 1, 2015.
             Was a Believer of Trog.
             Slain by a giant frog (9 damage)
             ... on level 3 of the Dungeon.
             The game lasted 00:01:14 (1508 turns).

Lick the Poker (Octopode Berserker)                 Turns: 1508, Time: 00:01:14

Health: -1/26      AC:  1    Str: 17    XL:     3   Next: 79%
Magic:  3/3        EV: 12    Int:  9    God:    Trog [**....]
Gold:   85         SH:  0    Dex: 11    Spells: 0 memorised, 2 levels left

rFire  . . .     SeeInvis .     a - +0 spear
rCold  . . .     Clarity  .     (no shield)
rNeg   . . .     SustAt   .     (helmet restricted)
rPois  .         Gourm    .     (no amulet)
rElec  .         Spirit   .     (no ring)
rCorr  .         Warding  .     (no ring)
rMut   .         Stasis   .     (no ring)
MR     .....                    (no ring)
Stlth  ++........               (no ring)
                                (no ring)
                                (no ring)
                                (no ring)

@: not resistant to hostile enchantments, unstealthy
A: almost no armour, amphibious, 8 rings, constrict 8, camouflage 1, gelatinous
body 1
a: Burn Spellbooks, Berserk, Trog's Hand, Renounce Religion


You were on level 3 of the Dungeon.
You worshipped Trog.
Trog was pleased with you.
You were near starving.

You visited 1 branch of the dungeon, and saw 3 of its levels.

You collected 85 gold pieces.

Inventory:

Hand weapons
 a - a +0 spear (weapon)
Scrolls
 c - a scroll of fear {unknown}
 h - 2 scrolls of magic mapping {unknown}
 i - a scroll of enchant weapon {unknown}
 m - a scroll of teleportation {unknown}
Potions
 d - a potion of curing {unknown}
 e - a potion of heal wounds {unknown}
 g - 2 potions of brilliance {unknown}
 j - a potion of invisibility {unknown}
 k - a potion of degeneration {unknown}
 n - a potion of lignification {unknown}
Comestibles
 b - a bread ration
 f - a meat ration
 l - 8 fruits


   Skills:
 - Level 3.0 Fighting
 * Level 4.6 Polearms
 - Level 3.0 Dodging


You had 2 spell levels left.
You didn't know any spells.

Dungeon Overview and Level Annotations

Branches:
Dungeon (3/15)

Altars:
Qazlal


Innate Abilities, Weirdness & Mutations

You cannot wear most types of armour.
You are amphibious.
You can wear up to eight rings at the same time.
You can use your tentacles to constrict eight enemies at once.
Your skin changes colour to match your surroundings (Stealth).
Your rubbery body absorbs attacks (AC +1).


Message History

A giant newt comes into view.
There are monsters nearby!
The giant frog hits you.
You hit the giant frog. Your grab misses the giant frog.
The giant frog is lightly wounded.
The giant frog barely misses you.
You closely miss the giant frog. Your grab misses the giant frog.
The giant frog is lightly wounded.
The giant frog barely misses you.
There are monsters nearby!
You hit the giant frog. Your grab misses the giant frog.
The giant frog is moderately wounded.
The giant frog hits you. x2
You barely miss the giant frog. You grab the giant frog.
The giant frog is moderately wounded.
You constrict the giant frog. The giant frog hits you!
You hit the giant frog.
The giant frog is heavily wounded.
You constrict the giant frog. The giant frog hits you!
You die...

################
#..............#
#..............##
#.........F......
#......(.@.l.....
###................
..........$........
........########...
........# ..
........#### .
........##.#
........##.#
........<..#


You could see a giant frog and a giant newt.

Vanquished Creatures
  An adder (D:2)
  A worm (D:3)
  An orc (D:3)
  A giant cockroach (D:1)
  7 goblins
  5 hobgoblins
  4 jackals (D:2)
  8 kobolds
  4 bats
  2 giant newts (D:1)
  A rat (D:1)
35 creatures vanquished.

Notes
Turn   | Place    | Note
--------------------------------------------------------------
     0 | D:1      | Lick the Octopode Berserker began the quest for the Orb.
     0 | D:1      | Reached XP level 1. HP: 16/16 MP: 1/1
   255 | D:1      | Reached XP level 2. HP: 21/21 MP: 2/2
   689 | D:2      | Found a stormy altar of Qazlal.
   691 | D:2      | Noticed an earth elemental
   692 | D:2      | Noticed a fire elemental
   692 | D:2      | Noticed an air elemental
   692 | D:2      | Noticed a water elemental
   700 | D:2      | Reached skill level 4 in Polearms
   700 | D:2      | Reached XP level 3. HP: 26/26 MP: 3/3
   835 | D:2      | Acquired Trog's second power
  1501 | D:3      | Noticed a giant frog
  1508 | D:3      | Slain by a giant frog

Vault maps used:
D:1:      lightli_arrival_flooded_house
D:2:      minmay_misc_feat_four_crosses, nicolae_qazlal_style_of_elements
D:3:      uniq_iyjb

Action                   || total
-------------------------++-------
Melee: Spear             ||    78
 Stab: Sleeping          ||     6
